 Dungeon Crawl Stone Soup version 0.18.1-50-g88ac8fd (webtiles) character file.

1365 magog001 the Shield-Bearer (level 8, 0/70 (71) HPs)
             Began as a Hill Orc Fighter on Dec 27, 2016.
             Slain by Menkaure (11 damage)
             ... on level 5 of the Dungeon.
             The game lasted 00:24:32 (5887 turns).

magog001 the Shield-Bearer (Hill Orc Fighter)       Turns: 5887, Time: 00:24:33

HP:   0/70 (71)     AC: 13    Str: 26    XL:     8   Next: 65%
MP:   8/8           EV:  6    Int:  8    God:
Gold: 340           SH: 11    Dex: 10    Spells: 0 memorised, 7 levels left

rFire  . . .     SeeInvis .     w - +5 dagger of Kiseif Memoe {holy, *Corrode rC- rN+++ Stlth+}
rCold  x . .     Gourm    .     p - +0 plate armour
rNeg   + + +     Faith    .     c - +0 shield
rPois  .         Spirit   .     v - +0 helmet
rElec  .         Dismiss  .     (no cloak)
rCorr  .         Reflect  .     u - +0 pair of gloves
SustAt .         Harm     .     s - +0 pair of boots
MR     .....                    (no amulet)
Stlth  ..........               i - ring of positive energy
                                g - ring of flight

@: mighty, corroded, not resistant to hostile enchantments, extremely unstealthy
A: no striking features
a: Evoke Flight


You were on level 5 of the Dungeon.
You were not hungry.

You visited 1 branch of the dungeon, and saw 5 of its levels.

You collected 340 gold pieces.

Inventory:

Hand Weapons
 n - a +2 falchion of electrocution
 w - the +5 dagger of Kiseif Memoe (weapon) {holy, *Corrode rC- rN+++ Stlth+}
   (You found it on level 4 of the Dungeon)

   It has been blessed by the Shining One to cause great damage to the undead
   and demons.
   It makes you vulnerable to cold.
   It renders you almost immune to negative energy.
   It may corrode you when you take damage.
   It makes you more stealthy.
 E - a +0 shortbow
Missiles
 h - 4 javelins (quivered)
 F - 14 arrows
Armour
 b - a +0 scale mail
 c - a +0 shield (worn)
 p - a +0 plate armour (worn)
 s - a +0 pair of boots (worn)
 u - a +0 pair of gloves (worn)
 v - a +0 helmet (worn)
Jewellery
 g - a ring of flight (left hand)
 i - a ring of positive energy (right hand)
Wands
 y - a wand of lightning (9/15)
Scrolls
 a - a scroll of magic mapping
 o - a scroll of enchant weapon {unknown}
 r - 2 scrolls of teleportation
 x - a scroll of immolation {unknown}
 A - a scroll of fog {unknown}
 B - a scroll of recharging {unknown}
 C - 2 scrolls of identify
Potions
 d - a potion of might
 e - a potion of ambrosia {unknown}
 j - a potion of flight
 m - a potion of brilliance {unknown}
 q - a potion of lignification
 t - a potion of berserk rage
Comestibles
 f - 2 bread rations
 k - 3 meat rations
 l - 2 fruits
 z - 6 chunks of flesh
 D - a beef jerky


   Skills:
 * Level 6.4 Fighting
 + Level 1.2(1.6) Short Blades
 + Level 1.6(2.0) Long Blades
   Level 3.7 Axes
 * Level 6.9 Armour
 + Level 1.7 Dodging
 * Level 7.5 Shields


You had 7 spell levels left.
You didn't know any spells.

Dungeon Overview and Level Annotations

Branches:
Dungeon (5/15)
 Temple: D:4-7

Altars:
Dithmenos
Trog
Xom
Zin

Annotations:
D:5 Menkaure


Message History

You block Menkaure's attack.
You hit Menkaure.
Menkaure convulses.
Menkaure is moderately damaged.
Menkaure calls on the powers of darkness!
Your body is wracked with pain!
You hit Menkaure.
Menkaure convulses.
Menkaure is heavily damaged.
Menkaure mumbles some strange words.
Menkaure seems to speed up.
Your plate armour prevents you from hitting Menkaure.
Menkaure is heavily damaged.
You block Menkaure's attack.
You hit Menkaure.
Menkaure convulses.
Menkaure is severely damaged.
Menkaure hits you!
* * * LOW HITPOINT WARNING * * *
Drink which item? (? for menu, Esc to quit)
You feel very mighty all of a sudden. Menkaure hits you!
You die...

####.).........# #.....#..#
...............# ##....#..#
..##...........# #....#..#
...#...5.......# ###..#..#
...............####+########.#..#
##.............#.............#..#
#.............#.............#..#
...#..........#.............#..#
..#..........#@########+####..#
.##..........#.M# #..#
........#.#.... ##.. #....# #..
#.....# #.# ##....# #.# ....# #.#
##..# #.# ###


You could see Menkaure.

Vanquished Creatures
  Grinder (D:4)
  An orc warrior (D:5)
  A necrophage (D:5)
  An ogre (D:3)
  A centaur (D:5)
  A gnoll sergeant (D:5)
  Blork the orc (D:5)
  A scorpion (D:4)
  A crimson imp (D:5)
  A centaur skeleton (D:4)
  An orc priest (D:3)
  2 hounds (D:4)
  An iguana (D:4)
  4 orc wizards
  A worker ant (D:4)
  A hound skeleton (D:3)
  6 gnolls
  14 adders
  An ooze (D:5)
  An adder zombie (D:5)
  5 worms
  2 dart slugs (D:2)
  5 giant geckos
  10 orcs
  3 ball pythons
  3 giant cockroaches
  3 goblins
  7 hobgoblins
  6 jackals
  9 kobolds
  4 quokkas
  5 bats
  4 giant newts
  A quokka skeleton (D:4)
  9 rats
118 creatures vanquished.

Notes
Turn   | Place    | Note
--------------------------------------------------------------
     0 | D:1      | magog001 the Hill Orc Fighter began the quest for the Orb.
     0 | D:1      | Reached XP level 1. HP: 19/19 MP: 1/1
   159 | D:1      | Reached XP level 2. HP: 12/27 MP: 2/2
  1193 | D:2      | Reached XP level 3. HP: 30/33 MP: 3/3
  1632 | D:2      | Reached skill level 1 in Dodging
  1938 | D:2      | Reached XP level 4. HP: 40/40 MP: 4/4
  2049 | D:2      | Found a shadowy altar of Dithmenos.
  2083 | D:2      | Reached skill level 4 in Shields
  2342 | D:2      | Reached XP level 5. HP: 32/46 MP: 5/5
  2575 | D:3      | Found a bloodstained altar of Trog.
  2684 | D:3      | Found a glowing silver altar of Zin.
  2684 | D:3      | Found a shimmering altar of Xom.
  2684 | D:3      | Noticed an angel
  3353 | D:3      | Reached XP level 6. HP: 50/53 MP: 6/6
  3492 | D:3      | Reached skill level 5 in Fighting
  3492 | D:3      | Reached skill level 5 in Shields
  4129 | D:4      | Reached skill level 5 in Armour
  4129 | D:4      | Reached XP level 7. HP: 34/61 MP: 7/7
  4373 | D:4      | Noticed Grinder
  4401 | D:4      | Paralysed by Grinder for 7 turns
  4413 | D:4      | Killed Grinder
  4413 | D:4      | Reached skill level 1 in Long Blades
  4413 | D:4      | Reached skill level 6 in Shields
  4564 | D:4      | Got a jewelled dagger
  4607 | D:4      | Identified the +5 dagger of Kiseif Memoe {holy, *Corrode rC- rN+++ Stlth+} (You found it on level 4 of the Dungeon)
  4843 | D:4      | Reached XP level 8. HP: 52/70 MP: 8/8
  5151 | D:5      | Entered Level 5 of the Dungeon
  5175 | D:5      | Noticed Blork the orc
  5188 | D:5      | Killed Blork the orc
  5327 | D:5      | Reached skill level 7 in Shields
  5703 | D:5      | Reached skill level 1 in Short Blades
  5873 | D:5      | Noticed Menkaure
  5887 | D:5      | Slain by Menkaure

Skill      XL: |  1  2  3  4  5  6  7  8 |
---------------+-------------------------+-----
Axes           | 3 |  3.7
Dodging        | 1 |  1.7
Armour         | 4 5 6 |  6.9
Fighting       | 4 5 6 |  6.4
Shields        | 4 5 6 7 |  7.5
Long Blades    | 1 |  1.6
Short Blades   | 1 |  1.2

Action                   |  1- 3 |  4- 6 |  7- 9 || total
-------------------------+-------+-------+-------++-------
Melee: War axe           |   113 |   215 |       ||   328
       Falchion          |       |    78 |    46 ||   124
       Dagger            |       |       |   188 ||   188
Throw: Javelin           |       |       |     3 ||     3
  Use: Scroll            |       |     5 |     5 ||    10
       Potion            |       |     1 |     2 ||     3
  Eat: Chunk             |     3 |     3 |     6 ||    12
       Meat ration       |       |     1 |       ||     1
Armor: Scale mail        |    48 |     7 |       ||    55
       Plate armour      |       |   193 |   123 ||   316
       Skin              |       |       |     1 ||     1
Dodge: Dodged            |    47 |    47 |    37 ||   131
Block: Shield            |    55 |   156 |    97 ||   308
